 Dungeon Crawl Stone Soup version 0.28-a0-1080-g05a166d0ed (webtiles) character file.

Game seed: 5571067116687184928

133 patchburns1 the Skirmisher (level 4, -1/37 HPs)
             Began as a Demonspawn Fighter on Dec 9, 2021.
             Slain by an adder (4 damage)
             ... on level 4 of the Dungeon.
             The game lasted 00:14:41 (3759 turns).

patchburns1 the Skirmisher (Demonspawn Fighter)     Turns: 3759, Time: 00:14:42

Health: -1/37      AC: 10    Str: 18    XL:     4   Next: 94%
Magic:  4/4        EV:  9    Int:  9    God:
Gold:   136        SH:  4    Dex: 13    Spells: 3/3 levels left

rFire   . . .      SeeInvis .   a - +0 trident
rCold   . . .      Faith    .   c - +0 buckler
rNeg    . . .      Spirit   .   b - +0 scale mail
rPois   .          Reflect  .   (helmet restricted)
rElec   .          Harm     .   (no cloak)
rCorr   .          Rampage  .   p - +0 pair of gloves
Will    .....                   (no boots)
Stlth   ..........              (no amulet)
HPRegen 0.12/turn               (no ring)
MPRegen 0.09/turn               (no ring)

@: no status effects
A: antennae 1, icy blue scales 1
a: no special abilities


You were on level 4 of the Dungeon.
You visited 1 branch of the dungeon, and saw 4 of its levels.

You collected 136 gold pieces.

Inventory:

Hand Weapons
 a - a +0 trident (weapon)
 k - a +0 hunting sling
Missiles
 e - 44 arrows
 g - 11 poisoned darts (quivered)
 l - 190 stones
Armour
 b - a +0 scale mail (worn)
 c - a +0 buckler (worn)
 p - a +0 pair of gloves (worn)
Scrolls
 d - 4 scrolls of identify {unknown}
 f - a scroll of holy word {unknown}
 i - a scroll of teleportation
 m - a scroll of brand weapon {unknown}
Potions
 h - a potion of berserk rage {unknown}
 j - 4 potions of curing {unknown}
 n - a potion of heal wounds {unknown}
 o - a potion of might
 q - a potion of flight {unknown}


   Skills:
 * Level 3.9 Fighting
 * Level 2.9 Polearms
 + Level 1.1 Throwing
 + Level 3.2 Armour
 + Level 3.2 Shields


You had 3 spell levels left.
You didn't know any spells.
Your spell library was empty.

Dungeon Overview and Level Annotations

Branches:
Dungeon (4/15)
 Temple: D:4-7

Altars:
The Shining One

Annotations:
D:4 Menkaure; ytrimaz's ghost, amateur OpTm


Innate Abilities, Weirdness & Mutations

You have a pair of small antennae on your head.
You are partially covered in icy blue scales. (AC +2)


Message History

The adder completely misses you.
A hound comes into view.
Ytrimaz's ghost whispers, "Meet the emptiness of death!"
Menkaure, Prince of Dust comes into view.
You block the adder's attack.
You closely miss the hound. The hound bites you. The hound barely misses you.
You block the adder's attack. The hound bites you but does no damage.
You block the hound's attack. The adder bites you but does no damage.
The hound barely misses you. Menkaure hits you! The hound bites you.
Menkaure gestures at you while chanting.
Pain shoots through your body! The hound barely misses you.
Menkaure barely misses you. The hound bites you. The hound closely misses you.
Menkaure casts a spell.
Menkaure seems to speed up.
The hound bites you but does no damage.
Menkaure calls on the powers of darkness!
The adder convulses!
The hound convulses!
Your body is wracked with pain!
* * * LOW HITPOINT WARNING * * *
Menkaure calls on the powers of darkness!
The adder convulses!
The hound convulses!
Your body is wracked with pain!
* * * LOW HITPOINT WARNING * * *
The hound bites you but does no damage. The hound barely misses you.
Menkaure wails, "Why can't you leave me to my rest?"
Menkaure calls on the powers of darkness!
The hound convulses!
Your body is wracked with pain!
* * * LOW HITPOINT WARNING * * *
You miss the hound.
The hound is severely wounded.
The hound bites you but does no damage. The hound bites you.
* * * LOW HITPOINT WARNING * * *
The adder barely misses you.
You hit the hound but do no damage.
The hound is severely wounded.
The hound closely misses you. The adder bites you.
You die...

##.## #...# # ###..# #...# #
#....## #...## #.....# #....#
..##..## #....# # .####..#
#...M## ## ## #..## #....W# ##.
##..# #...Sh# ##.. # #..##
#....@# ##..# # ##..# #.....##
##..## ## #..###......# ##..## .#
#...##......# #..#### .##
##..##......## ##.#...# ..#
#...#.......# ##.#..... ..#
####...........# ##.##.....
..###....###.......#####..#######
......#### ######........##


You could see Menkaure (fast), a hound, ytrimaz's ghost and an adder.

Vanquished Creatures
  4 adders
  4 worms
  4 dart slugs
  8 orcs
  4 ball pythons
  2 bats
  4 endoplasms
  3 giant cockroaches
  11 goblins
  3 hobgoblins (D:3)
  6 quokkas
  4 frilled lizards
  4 kobolds
  5 rats
66 creatures vanquished.

Notes
Turn   | Place    | Note
-------+----------+-------------------------------------------
     0 | D:1      | patchburns1 the Demonspawn Fighter began the quest for the
                  | Orb.
     0 | D:1      | Reached XP level 1. HP: 18/18 MP: 1/1
   341 | D:1      | Gained mutation: You have a pair of small antennae on your
                  | head. [demonic ancestry]
   341 | D:1      | Reached XP level 2. HP: 24/24 MP: 2/2
   523 | D:1      | Found a faded altar of an unknown god.
   788 | D:1      | Reached XP level 3. HP: 29/29 MP: 3/3
  1603 | D:2      | Gained mutation: You are partially covered in icy blue
                  | scales. (AC +2) [demonic ancestry]
  1603 | D:2      | Reached XP level 4. HP: 35/37 MP: 4/4
  1685 | D:2      | Reached skill level 1 in Throwing
  3697 | D:4      | Noticed ytrimaz's ghost (amateur OpTm)
  3701 | D:4      | Found a runed translucent door.
  3740 | D:4      | Noticed Menkaure
  3759 | D:4      | Slain by an adder

Illustrated notes

Levels and vault maps discovered:
D:1:      ncdulo_lavacross, layout_loops_ring, basic_ecumenical_altar,
          st_stairs_3, glass_columns_b, chequers_serial_rivers_micro_c,
          minmay_tromino_v4_c
D:2:      layout_loops_cross, basic_altar,
          nicolae_concentric_dashed_squares_mild
D:3:      layout_rooms
D:4:      layout_cave_pods, nicolae_uskayaw_murder_on_the_dancefloor,
          hellmonk_ghost_happy_afterlife, uniq_menkaure

Skill      XL: |  1  2  3  4 |
---------------+-------------+-----
Polearms       | 2 |  2.9
Armour         | 3 |  3.2
Shields        | 3 |  3.2
Throwing       | 1 |  1.1
Fighting       | |  3.9

Action                   |  1- 3 |  4- 6 || total
-------------------------+-------+-------++-------
Melee: Trident           |   103 |   160 ||   263
Throw: Dart              |     7 |     9 ||    16
  Use: Potion            |     1 |       ||     1
       Scroll            |       |     1 ||     1
Armor: Scale mail        |    17 |    77 ||    94
Dodge: Dodged            |    26 |    65 ||    91
Block: Buckler           |    11 |    35 ||    46

Table legend: (Time is in decaauts)
 A = Elapsed time spent in this place.
 B = Non-inter-level travel time spent in this place.
 C = Inter-level travel time spent in this place.
 D = Time resting spent in this place.
 E = Time spent auto-exploring this place.
 F = Levels seen in this place.
 G = Mean time per level.
                   A        B        C        D        E       F      G
               +--------+--------+--------+--------+--------+-----+--------+
         Total |   3809 |   3799 |     10 |   1041 |   1471 |   4 |  952.2 |
       Dungeon |   3809 |   3799 |     10 |   1041 |   1471 |   4 |  952.2 |
               +--------+--------+--------+--------+--------+-----+--------+

Top non-repeatable levels by time:
     D:2: 1402 daAuts
     D:1: 949 daAuts
     D:3: 937 daAuts
     D:4: 520 daAuts
